 Dungeon Crawl Stone Soup version 0.21.1-1-g345015f (webtiles) character file.

2163 sking99 the Cleaver (level 9, -1/81 HPs)
             Began as a Hill Orc Fighter on June 28, 2018.
             Was a Believer of Beogh.
             Slain by a killer bee (6 damage)
             ... on level 7 of the Dungeon.
             The game lasted 00:13:38 (7388 turns).

sking99 the Cleaver (Hill Orc Fighter)              Turns: 7388, Time: 00:13:40

Health: -1/81      AC: 10    Str: 22 (24) XL:     9   Next: 32%
Magic:  14/14      EV:  5    Int:  5 (8)  God:    Beogh [**....]
Gold:   371        SH:  9    Dex: 12 (13) Spells: 8/8 levels left

rFire    . . .     SeeInvis .   a - +0 war axe
rCold    . . .     Gourm    .   c - +0 shield
rNeg     . . .     Faith    .   z - +0 chain mail
rPois    .         Spirit   .   (no helmet)
rElec    .         Reflect  .   o - +0 cloak
rCorr    .         Harm     .   (no gloves)
MR       .....                  (no boots)
Stlth    ..........             (no amulet)
HPRegen  0.23/turn              (no ring)
MPRegen  0.14/turn              (no ring)

@: mighty, lethally poisoned (-1 -> -18), flying
A: no striking features
a: Smiting, Renounce Religion


You were on level 7 of the Dungeon.
You worshipped Beogh.
Beogh was pleased with you.
You were near starving.

You visited 1 branch of the dungeon, and saw 8 of its levels.

You collected 371 gold pieces.

Inventory:

Hand Weapons
 a - a +0 war axe (weapon)
Armour
 b - a +0 scale mail
 c - a +0 shield (worn)
 o - a +0 cloak (worn)
 z - a +0 chain mail (worn)
Jewellery
 k - an uncursed amulet of guardian spirit {unknown}
 l - an uncursed ring of see invisible {unknown}
 m - an uncursed ring of stealth {unknown}
 u - a cursed ring of teleportation {unknown}
 y - an uncursed ring of poison resistance {unknown}
Wands
 x - a wand of paralysis (10)
 F - a wand of enslavement (11)
 H - a wand of polymorph (10)
 K - a wand of clouds (3)
Scrolls
 e - a scroll of fear {unknown}
 j - 2 scrolls of blinking {unknown}
 p - 8 scrolls of identify {unknown}
 s - a scroll of teleportation {unknown}
 v - a scroll of enchant armour {unknown}
 w - 2 scrolls of immolation {unknown}
 B - 2 scrolls of remove curse {unknown}
 E - a scroll of random uselessness {unknown}
 I - a scroll of magic mapping {unknown}
 J - 3 scrolls of enchant weapon {unknown}
Potions
 d - a potion of might
 g - 2 potions of flight
 h - a potion of resistance {unknown}
 i - 2 potions of degeneration
 n - 2 potions of ambrosia {unknown}
 q - 2 potions of berserk rage {unknown}
 r - 4 potions of curing {unknown}
 t - 3 potions of cancellation {unknown}
 A - a potion of heal wounds {unknown}
 C - 3 potions of agility
 D - a potion of brilliance {unknown}
 G - a potion of lignification {unknown}
Comestibles
 f - 8 rations


   Skills:
 + Level 8.2 Fighting
 * Level 11.5 Axes
 - Level 3.2 Armour
 - Level 3.2 Shields
 + Level 6.9 Invocations


You had 8 spell levels left.
You didn't know any spells.

Dungeon Overview and Level Annotations

Branches:
Dungeon (8/15)             Temple (0/1) D:4
   Lair: D:8-11

Altars:
Ashenzari
Fedhas
Gozag
Kikubaaqudgha
Nemelex Xobeh
Okawaru
Xom
Zin
The Shining One

Shops:
D:4 =   D:5 [   D:7 %

Annotations:
D:5 buskinjo's ghost, amateur DrEE


Message History

The killer bee stings you.
* * * LOW HITPOINT WARNING * * *
The killer bee stings you but does no damage. x2
The killer bee barely misses you.
It was a potion of degeneration.
There was something very wrong with that liquid.
You feel weakened.
You feel dopey.
You feel clumsy.
* * * LOW HITPOINT WARNING * * *
You feel sick. You block the killer bee's attack. x2
The killer bee stings you but does no damage. x2
You block the killer bee's attack.
The killer bee stings you but does no damage.
It was a potion of flight.
You feel very buoyant.
You fly up into the air.
* * * LOW HITPOINT WARNING * * *
You feel sick.
The killer bee stings you but does no damage. x3
The killer bee barely misses you. The killer bee stings you.
You die...

##............# #.##
###..........# #..#
##.........# ##.#
##........## #.. ####
##.........# ##.
##..###..........# ###.
#........######..###.#.
##......y## #..##...#
##......@y.## #........
#........y..##
#........
##............#
#........
#.............#
#........
###.............#
#........
#............####
#........
#.........####
#.......# ##......∩.#
###...### #........#
#....#


You could see 3 killer bees.

Vanquished Creatures
  A hippogriff (D:7)
  Edmund (D:5)
  Duvessa (D:5)
  An orc warrior (D:6)
  4 ogres
  3 centaurs
  2 bullfrogs (D:6)
  A wyvern zombie (D:7)
  Dowan (D:5)
  A howler monkey (D:6)
  3 crimson imps (D:6)
  A hound (D:6)
  3 orc priests
  A bullfrog zombie (D:6)
  2 jellies
  A bullfrog skeleton (D:6)
  4 orc wizards
  A centaur skeleton (D:4)
  An iguana (D:5)
  A worker ant (D:7)
  2 hound skeletons (D:7)
  3 gnolls (D:2)
  10 adders
  A shadow imp (D:6)
  An adder zombie (D:5)
  3 adder skeletons
  A worm (D:2)
  3 dart slugs (D:1)
  4 leopard geckos
  11 orcs
  5 giant cockroaches
  13 goblins
  7 hobgoblins
  4 jackals
  5 kobolds
  A quokka (D:3)
  12 bats
  7 frilled lizards
  A giant cockroach zombie (D:6)
  9 rats
137 creatures vanquished.

Vanquished Creatures (others)
  A howler monkey (D:6)
  A worker ant zombie (D:3)
  An adder (D:3)
  2 leopard geckos (D:6)
  An orc (D:3)
  A goblin (D:3)
  A bat (D:3)
8 creatures vanquished.

Grand Total: 145 creatures vanquished

Notes
Turn   | Place    | Note
-------+----------+-------------------------------------------
     0 | D:1      | sking99 the Hill Orc Fighter began the quest for the Orb.
     0 | D:1      | Reached XP level 1. HP: 19/19 MP: 1/1
    42 | D:1      | Reached skill level 3 in Axes
    65 | D:1      | Reached XP level 2. HP: 17/27 MP: 2/2
   284 | D:1      | Reached skill level 4 in Axes
   284 | D:1      | Reached XP level 3. HP: 16/33 MP: 3/3
   909 | D:2      | Reached XP level 4. HP: 40/41 MP: 4/4
   919 | D:2      | Reached skill level 5 in Axes
   966 | D:2      | Found an ancient bone altar of Kikubaaqudgha.
   967 | D:2      | Found a blossoming altar of Fedhas.
  1100 | D:2      | Found a faded altar of an unknown god.
  1704 | D:2      | Reached XP level 5. HP: 47/47 MP: 5/5
  1869 | D:3      | Paralysed by a goblin for 4 turns
  2037 | D:3      | Reached skill level 5 in Fighting
  2037 | D:3      | Reached skill level 6 in Axes
  2057 | D:3      | Became a worshipper of Beogh the Brigand
  2288 | D:3      | Found an opulent altar of Gozag.
  2641 | D:4      | Found a glowing silver altar of Zin.
  2642 | D:4      | Noticed a phantom
  2643 | D:4      | Found an iron altar of Okawaru.
  2655 | D:4      | Reached skill level 1 in Invocations
  2909 | D:4      | Reached XP level 6. HP: 38/56 MP: 5/7
  2960 | D:4      | Found a shattered altar of Ashenzari.
  3050 | D:4      | Found a sparkling altar of Nemelex Xobeh.
  3089 | D:4      | Found Jameveco's Jewellery Boutique.
  3116 | D:4      | Found a staircase to the Ecumenical Temple.
  3260 | D:4      | Reached skill level 7 in Axes
  3629 | D:5      | Entered Level 5 of the Dungeon
  3962 | D:5      | Found Unlaix's Armour Shoppe.
  3972 | D:5      | Noticed Edmund
  3978 | D:5      | Reached XP level 7. HP: 41/62 MP: 7/9
  3998 | D:5      | Killed Edmund
  3998 | D:5      | Reached skill level 8 in Axes
  4231 | D:5      | Noticed buskinjo's ghost (amateur DrEE)
  4701 | D:5      | Noticed Duvessa
  4707 | D:5      | Noticed Dowan
  4711 | D:5      | Killed Duvessa
  4743 | D:5      | Killed Dowan
  5544 | D:6      | Reached skill level 9 in Axes
  5548 | D:6      | Reached XP level 8. HP: 66/71 MP: 11/11
  5716 | D:6      | Reached * piety under Beogh
  5734 | D:6      | Reached skill level 5 in Invocations
  5839 | D:6      | Reached skill level 10 in Axes
  6147 | D:6      | Reached XP level 9. HP: 49/80 MP: 13/13
  6297 | D:6      | Found a shimmering altar of Xom.
  6503 | D:7      | Found a glowing golden altar of the Shining One.
  6589 | D:7      | Reached skill level 11 in Axes
  6665 | D:7      | Found Isilal's Food Emporium.
  7008 | D:7      | Reached ** piety under Beogh
  7388 | D:7      | Slain by a killer bee

Skill      XL: |  1  2  3  4  5  6  7  8  9 |
---------------+----------------------------+-----
Axes           | 3 4 5 6 7 9 10 11 | 11.5
Fighting       | 4 5 6 7 8 |  8.2
Invocations    | 1 2 4 6 |  6.9
Armour         | |  3.2
Shields        | |  3.2

Action                   |  1- 3 |  4- 6 |  7- 9 || total
-------------------------+-------+-------+-------++-------
Melee: War axe           |    88 |   231 |   271 ||   590
Invok: Convert to Beogh  |       |     1 |       ||     1
  Use: Potion            |       |       |     3 ||     3
  Eat: Chunk             |       |     7 |     6 ||    13
       Ration            |       |     1 |     1 ||     2
Armor: Scale mail        |    61 |    64 |       ||   125
       Chain mail        |       |    69 |   169 ||   238
       Skin              |       |       |     1 ||     1
Dodge: Dodged            |    30 |    57 |    50 ||   137
Block: Shield            |    63 |   114 |   113 ||   290
